 Dungeon Crawl Stone Soup version 0.27.1-34-g3ba077fa99 (webtiles) character file.

Game seed: 16172029477008202796

5280 pkoi the Martial Artist (level 10, 0/70 HPs)
             Began as a Grey Draconian Monk on Jan 10, 2022.
             Was a Priest of Hepliaklqana.
             Slain by Snorg (17 damage)
             ... on level 9 of the Dungeon.
             The game lasted 00:21:20 (11910 turns).

pkoi the Martial Artist (Grey Draconian Monk)      Turns: 11910, Time: 00:21:21

Health: 0/70       AC: 15    Str: 16    XL:     10   Next: 37%
Magic:  12/12      EV: 13    Int: 14    God:    Hepliaklqana [***...]
Gold:   712        SH:  0    Dex: 14    Spells: 9/9 levels left

rFire    . . .     SeeInvis +     - Unarmed
rCold    . . .     Faith    .   (no shield)
rNeg     + . .     Spirit   .   (armour unavailable)
rPois    +         Reflect  .   (helmet restricted)
rElec    .         Harm     .   (no cloak)
rCorr    .         Rampage  .   t - +1 pair of gloves
Will     .....                  p - +0 pair of boots
Stlth    ++........             (no amulet)
HPRegen  0.21/turn              c - ring of Ebluocw {rPois rN+ Str+3}
MPRegen  0.13/turn              k - ring of see invisible

@: no status effects
A: reduced essence, AC +12, amphibious, unfitting armour, cold-blooded
a: Renounce Religion, Recall Ancestor, Ancestor Identity, Transference


You were on level 9 of the Dungeon.
You worshipped Hepliaklqana.
Hepliaklqana was most pleased with you.
You visited 2 branches of the dungeon, and saw 11 of its levels.

You collected 712 gold pieces.

Inventory:

Hand Weapons
 i - a +1 dagger of venom
Missiles
 b - 68 poisoned darts (quivered)
 d - 3 throwing nets
Armour
 p - a +0 pair of boots (worn)
 t - a +1 pair of gloves (worn)
Jewellery
 c - the ring of Ebluocw (left hand) {rPois rN+ Str+3}
   (You acquired it on level 6 of the Dungeon)

   [ring of positive energy]

   Str:       It affects your strength (+3).
   rPois:     It protects you from poison.
   rN:        It protects you from negative energy.
 f - a ring of magical power
 k - a ring of see invisible (right hand)
Wands
 m - a wand of iceblast (10)
 r - a wand of flame (13)
 w - a wand of polymorph (10)
 y - a wand of paralysis (6)
Scrolls
 e - 2 scrolls of enchant armour
 g - a scroll of immolation {unknown}
 l - a scroll of summoning
 o - 6 scrolls of identify {unknown}
 s - a scroll of noise {unknown}
 v - 2 scrolls of teleportation
 A - 3 scrolls of amnesia {unknown}
Potions
 a - 6 potions of curing
 h - 3 potions of flight
 j - 3 potions of haste {unknown}
 n - a potion of brilliance
 q - a potion of berserk rage {unknown}
 u - a potion of magic {unknown}
 x - 2 potions of ambrosia {unknown}
 z - a potion of heal wounds {unknown}


   Skills:
 - Level 4.0 Fighting
 - Level 3.0 Dodging
 - Level 1.7 Stealth
 + Level 14.5 Unarmed Combat
 - Level 3.0 Invocations


You had 9 spell levels left.
You didn't know any spells.
Your spell library contained the following spells:

 Spells                   Type           Power      Damage    Failure   Level
 Shock                    Conj/Air       0%         1d3       28%         1
 Summon Small Mammal      Summ           0%         N/A       28%         1
 Corpse Rot               Necr/Air       N/A        N/A       41%         2
 Poisonous Vapours        Pois/Air       0%         N/A       41%         2
 Call Canine Familiar     Summ           0%         N/A       65%         3
 Gell's Gravitas          Tloc           0%         N/A       65%         3
 Lesser Beckoning         Tloc           0%         N/A       65%         3
 Summon Guardian Golem    Hex/Summ       0%         N/A       65%         3
 Swiftness                Air            0%         N/A       65%         3
 Teleport Other           Tloc           0%         N/A       65%         3
 Airstrike                Air            0%         N/A       96%         4
 Freezing Cloud           Conj/Ice/Air   0%         6-21      100%        5
 Borgnjor's Revivificati  Necr           0%         N/A       100%        8
 Necromutation            Tmut/Necr      0%         N/A       100%        8
 Death's Door             Necr           0%         N/A       100%        9


Dungeon Overview and Level Annotations

Branches:
Dungeon (10/15)            Temple (1/1) D:6             Orc (0/2) D:9
   Lair: D:8-11

Altars:
Ashenzari
Cheibriados
Dithmenos
Elyvilon
Fedhas
Gozag
Hepliaklqana
Kikubaaqudgha
Makhleb
Nemelex Xobeh
Okawaru
Qazlal
Ru
Sif Muna
Trog
Uskayaw
Vehumet
Wu Jian
Xom
Yredelemnul
Zin
The Shining One

Annotations:
D:4 1 runed translucent door, Sigmund; boopmooplesden's ghost, amateur MiFi
D:9 Snorg


Innate Abilities, Weirdness & Mutations

Your life essence is reduced to manifest your ancestor. (-10% HP)
Your dull iron-grey scales are very hard. (AC +12)
You are amphibious.
You cannot fit into any form of body armour.
You are cold-blooded and may be slowed by cold attacks.


Message History

You are too injured to fight recklessly!
You are too injured to fight recklessly!
You are too injured to fight recklessly!
You are too injured to fight recklessly!
You are too injured to fight recklessly!
You are too injured to fight recklessly!
You are too injured to fight recklessly!
You are too injured to fight recklessly!
You are too injured to fight recklessly!
You punch Snorg!
Snorg is lightly wounded.
Snorg bites you!
* * * LOW HITPOINT WARNING * * *
Snorg claws you!
* * * LOW HITPOINT WARNING * * *
Snorg misses you.
Ana hits Snorg with a +0 flail!
You swap places.
Snorg bites Ana.
Ana blocks Snorg's attack.
Snorg claws Ana but does no damage.
Ana hits Snorg with a +0 flail!
Snorg barely misses Ana.
Snorg claws Ana! x2
A kobold brigand comes into view.
It is wielding a +0 club and quivering poisoned darts.
Snorg bites Ana!!
Ana is destroyed!
There is an open door here.
Snorg rages.
There is a stone staircase leading up here.
Snorg bites you but does no damage. Snorg claws you.
* * * LOW HITPOINT WARNING * * *
Snorg misses you. Snorg barely misses you. Snorg misses you. x2
You climb upwards.
There is a stone staircase leading down here.
Okay, then.
Unknown command.
Okay, then.
You don't know any spells.
Okay, then.
Unknown command.
Okay, then.
As you read the scroll of summoning, it crumbles to dust.
Wisps of shadow whirl around you... Snorg closely misses you. Snorg claws you!
You die...

...#######.....#
...'.....#.....#
...#.....#...(.#
####.....#####.#
.............#.#
.............#.#
###'##########z########
............z.yz.T....#
..............z.@.Y...#
..........).....zy..YY#
.................yyY..#
..#####'####+####.....#
..#.............#...y.#
))#.............#....[#
..#.............#.....#
))#.............#.....#
..#..........##'#.....#


You could see Snorg (berserk, ally target), 4 friendly yaks, 5 friendly killer
bees and 5 friendly wights.

Vanquished Creatures
  A two-headed ogre (D:8)
  2 shadows
  3 yaks (D:10)
  The ghost of JJisdabomb the Skirmisher, an amateur DsAK of Lugonu (D:3)
  An acid dragon (D:8)
  4 ice beasts
  2 sky beasts
  2 centaurs
  An ogre (D:6)
  3 phantoms
  A kobold brigand (D:9)
  2 bullfrogs
  A wyvern skeleton (D:6)
  4 scorpions
  A water moccasin zombie (D:6)
  2 troll zombies (D:9)
  A howler monkey (D:7)
  3 bullfrog zombies
  A jelly (D:4)
  2 bullfrog skeletons (D:6)
  5 orc priests
  3 hounds
  2 centaur skeletons
  3 iguanas
  15 orc wizards
  A scorpion zombie (D:5)
  2 ogre zombies (D:9)
  2 howler monkey zombies (D:8)
  A gnoll (D:2)
  5 adders
  2 white imps (D:5)
  An ufetubus (D:4)
  3 adder skeletons (D:4)
  A worm (D:3)
  21 orcs
  3 bats (D:1)
  4 endoplasms
  A giant cockroach (D:3)
  6 goblins
  5 hobgoblins
  A jackal (D:3)
  13 kobolds
  6 quokkas
  4 ball pythons
  3 frilled lizards
  A goblin zombie (D:9)
  A hobgoblin zombie (D:9)
  13 orc zombies (D:9)
  10 rats
176 creatures vanquished.

Vanquished Creatures (collateral kills)
  Maurice (D:8)
  Prince Ribbit (D:9)
  A centaur (D:7)
  A bullfrog (D:8)
  A troll zombie (D:9)
  An orc priest (D:7)
  3 orc wizards
  An ogre zombie (D:9)
  An adder (D:6)
  3 orcs (D:7)
  A hobgoblin skeleton (D:9)
  A hobgoblin zombie (D:9)
  2 kobolds (D:9)
  2 orc zombies (D:9)
20 creatures vanquished.

Vanquished Creatures (others)
  A knight (D:10)
  10 fungi (D:3)
  3 toadstools (D:3)
  2 withered plants (D:3)
16 creatures vanquished.

Grand Total: 212 creatures vanquished

Notes
Turn   | Place    | Note
-------+----------+-------------------------------------------
     0 | D:1      | pkoi the Draconian Monk began the quest for the Orb.
     0 | D:1      | Reached XP level 1. HP: 19/19 MP: 1/1
   384 | D:1      | Reached XP level 2. HP: 26/26 MP: 2/2
  1066 | D:2      | Found a faded altar of an unknown god.
  1186 | D:2      | Reached XP level 3. HP: 33/33 MP: 3/3
  2080 | D:3      | Reached skill level 4 in Unarmed Combat
  2297 | D:3      | Reached XP level 4. HP: 40/40 MP: 4/4
  2386 | D:3      | Found an ornate altar of the Wu Jian Council.
  2580 | D:3      | Found a runed translucent door.
  2583 | D:3      | Noticed JJisdabomb's ghost (amateur DsAK)
  2886 | D:3      | Noticed an angel
  2887 | D:3      | Found a glowing silver altar of Zin.
  3219 | D:4      | Reached skill level 5 in Unarmed Combat
  3219 | D:4      | Reached XP level 5. HP: 24/46 MP: 5/5
  3433 | D:4      | Found a runed translucent door.
  3437 | D:4      | Noticed boopmooplesden's ghost (amateur MiFi)
  3733 | D:4      | Noticed Sigmund
  3783 | D:5      | Entered Level 5 of the Dungeon
  3873 | D:5      | Reached skill level 6 in Unarmed Combat
  3873 | D:5      | Reached XP level 6. HP: 27/52 MP: 6/6
  4327 | D:4      | Reached skill level 7 in Unarmed Combat
  4499 | D:5      | You fall into a shaft and drop 1 floor!
  4999 | D:5      | Your scales start taking on a dull iron-grey colour.
  4999 | D:5      | Reached XP level 7. HP: 59/59 MP: 7/7
  5051 | D:5      | Reached skill level 8 in Unarmed Combat
  5931 | D:5      | Reached skill level 9 in Unarmed Combat
  6192 | D:6      | HP: 1/59 [orc priest/divine providence (15)]
  6552 | D:5      | Reached XP level 8. HP: 65/66 MP: 8/8
  6613 | D:6      | Identified a scroll of acquirement
  6613 | D:6      | Acquired the ring of Ebluocw {rPois rN+ Str+3}
  6754 | D:6      | Reached skill level 10 in Unarmed Combat
  7191 | D:6      | Found a staircase to the Ecumenical Temple.
  7206 | Temple   | Entered the Ecumenical Temple
  7344 | Temple   | Became a worshipper of Hepliaklqana the Forgotten
  7344 | Temple   | Reached * piety under Hepliaklqana
  7344 | Temple   | Reached ** piety under Hepliaklqana
  7362 | D:6      | Remembered your ancestor Ana as a knight
  7557 | D:6      | Reached skill level 11 in Unarmed Combat
  7813 | D:7      | Found the +8 orange crystal plate armour {Archmagi, Int+3
                  | Clar}
  8227 | D:7      | Reached XP level 9. HP: 19/63 MP: 9/9
  8757 | D:7      | Reached skill level 12 in Unarmed Combat
  8795 | D:8      | Noticed a two-headed ogre
  9441 | D:8      | Found a hide-covered altar of Uskayaw.
  9441 | D:8      | Found a radiant altar of Vehumet.
  9497 | D:8      | Killed a two-headed ogre
  9498 | D:8      | Reached skill level 13 in Unarmed Combat
  9849 | D:8      | Noticed Maurice
  9866 | D:8      | Killed Maurice
 10282 | D:9      | Reached *** piety under Hepliaklqana
 10385 | D:9      | Found a staircase to the Orcish Mines.
 10390 | D:9      | Reached skill level 1 in Invocations
 10390 | D:9      | Reached XP level 10. HP: 66/70 MP: 10/10
 10598 | D:9      | Noticed Prince Ribbit
 10650 | D:9      | Killed Prince Ribbit
 10651 | D:9      | Reached skill level 14 in Unarmed Combat
 11427 | D:3      | Killed JJisdabomb's ghost
 11804 | D:10     | Entered Level 10 of the Dungeon
 11897 | D:10     | Noticed Snorg
 11910 | D:9      | Slain by Snorg

Illustrated notes

Levels and vault maps discovered:
D:1:      evilmike_arrival_rings, layout_rooms, minmay_stone_trees_small
D:2:      minmay_razor_zed, layout_loops_ring,
          hellmonk_ecumenical_altar_arch_garden, minmay_splitting_lines
D:3:      minmay_angry_zag, layout_loops_cross, nzn_wu_jian_council_hall,
          zin_angel, gammafunk_ghost_grave, minmay_gold_behind_fungi,
          kennysheep_generic_room_3
D:4:      layout_loops_ring, ebering_ghost_sewer_d, kennysheep_generic_room_9,
          uniq_sigmund
D:5:      layout_loops_corners
D:6:      minmay_flawed_box, layout_cave_pools, minmay_temple_entry_ruins,
          st_stairs_9, kennysheep_generic_room_7
D:7:      layout_rooms
D:8:      layout_basic, gammafunk_temple_overflow_statue, uniq_maurice
D:9:      layout_irregular_city, zombieorc1_lemuel, eino_tiny_chamber,
          uniq_prince_ribbit1
D:10:     layout_roguey, lair_entry_dummy, nzn_ghost_randoct,
          chequers_serial_rivers_micro_a, uniq_erica, uniq_nergalle, uniq_snorg
Temple:   regret_index_temple_mists

Skill      XL: |  1  2  3  4  5  6  7  8  9 10 |
---------------+-------------------------------+-----
Dodging        | 3 |  3.0
Fighting       | 4 |  4.0
Unarmed Combat | 4 5 6 7 9 11 13 14 | 14.5
Invocations    | 1 3 |  3.0
Stealth        | |  1.7

Action                   |  1- 3 |  4- 6 |  7- 9 | 10-12 || total
-------------------------+-------+-------+-------+-------++-------
Melee: Unarmed           |   110 |   186 |   347 |   102 ||   745
       Tailslap          |     9 |    20 |    35 |    11 ||    75
       Punch             |     3 |     2 |    15 |     3 ||    23
       Dagger            |     3 |       |       |       ||     3
Invok: Ancestor Life: Kn |       |       |     1 |       ||     1
       Ancestor Identity |       |       |     1 |       ||     1
       Recall Ancestor   |       |       |     1 |     2 ||     3
  Use: Potion            |     1 |     1 |     4 |       ||     6
       Scroll            |       |       |     6 |     1 ||     7
 Stab: Sleeping          |     2 |     3 |     1 |       ||     6
       Distracted        |       |       |     2 |     2 ||     4
Armor: Skin              |    19 |    63 |   142 |    32 ||   256
Dodge: Dodged            |    63 |   130 |   179 |    62 ||   434
